Map: Cosmic Sapphire

Players

Tosh

  • Race: Zerg Zerg
  • League: Gold
  • Spawn Location: 5:00

Sanasano - Winner!

  • Race: Zerg Zerg
  • League: Gold
  • Spawn Location: 11:00

VOD

Have the link to the VOD?

Description

Time

  • Played on: Jan. 3, 2023, 9:43 a.m.
  • Length: 4:20
Show
View Real Time Build Order
Export as new Build Order

Tosh Zerg 

Build Orders: Pool First 

Get SALT Encoding   

  12  0:02  Drone  
  13  0:17  Drone  
  13  0:18  Overlord  
  14  0:37  Drone x2  
  14  0:40  Drone  
  17  0:49  Spawning Pool  
  16  0:51  Extractor  
  16  0:53  Drone  
  16  1:01  Drone  
  17  1:12  Overlord  
  17  1:27  Drone  
  18  1:37  Zergling x2  
  19  1:42  Queen  
  19  1:45  Zergling x2  
  22  1:55  Metabolic Boost  
  22  1:56  Hatchery  
  22  1:58  Drone  
  22  2:06  Zergling x2  
  23  2:16  Zergling x2  
  23  2:21  Queen  
  26  2:27  Overlord  
  26  2:38  Zergling x2  
  27  2:51  Drone  
  27  2:53  Zergling x6  
  31  3:02  Lair  
  31  3:03  Zergling x2  
  32  3:11  Queen, Zergling x2  
  35  3:15  Zergling x2  
  36  3:29  Drone  
  37  3:38  Zergling x6  
  37  3:39  Zergling x2  
  37  3:40  Zergling x2  
  34  3:48  Zergling x2  
  34  3:55  Zergling x4  
  36  3:59  Zergling x4  
  36  4:00  Zergling x4  
Show
View Real Time Build Order
Export as new Build Order

Sanasano Zerg - Winner!

Build Orders: Hatch First 

Get SALT Encoding   

  12  0:01  Drone  
  13  0:10  Drone  
  14  0:30  Extractor  
  14  0:32  Extractor  
  14  0:33  Drone x2  
  16  0:57  Hatchery  
  16  0:58  Extractor  
  16  1:01  Spawning Pool  
  13  1:06  Drone  
  14  1:11  Extractor  
  14  1:13  Drone  
  15  1:20  Overlord  
  15  1:32  Overlord  
  15  1:48  Zergling x4  
  15  1:52  Zergling x2  
  15  1:53  Queen  
  20  2:03  Zergling x2  
  20  2:06  Metabolic Boost  
  21  2:10  Zergling x2  
  22  2:16  Zergling x2  
  23  2:31  Zergling x2  
  23  2:32  Zergling x4  
  26  2:42  Zergling x2  
  27  2:44  Zergling x4  
  29  2:53  Zergling x2  
  30  2:58  Zergling x2  
  30  3:02  Zergling x6  
  34  3:16  Overlord  
  34  3:18  Zergling x2  
  35  3:24  Baneling Nest  
  34  3:40  Zergling x6  
  34  3:43  Zergling x2  
  35  3:54  Zergling x4  
  36  4:00  Zergling x4  
Tags
 
Add a new tag
Caveats
  • Supply blocks, unpowered buildings, or Contaminate may cause inaccurate times.
  • Supply counts are checked every 10 seconds.